[Event "Early-Titled-Tuesday-Blitz-October-10-2023"]
[Site "Chess.com"]
[Date "2023.10.10"]
[Round "3"]
[White "TregubovP"]
[Black "KorolDimitriy75"]
[Result "1/2-1/2"]
[WhiteElo "2581"]
[BlackElo "2388"]
[TimeControl "180+1"]
[EndTime "8:28:36 PDT"]
[Termination "Game drawn by repetition"]

1. e4 c5 2. Nf3 d6 3. Bb5+ Nd7 4. Ba4 Nf6 5. O-O g6 6. Re1 Bg7 7. c3 O-O 8. d4 cxd4 9. cxd4 Nb6 10. Bb3 Bg4 11.
h3 Bxf3 12. Qxf3 d5 13. e5 Ne4 14. Nd2 Nxd2 15. Bxd2 Rc8 16. Ba5 e6 17. Rac1 Qd7 18. Qd3 Rc7 19. Rc5 Rfc8 20. Rec1 Bxe5 21. Rxc7 Rxc7 22.
Rxc7 Bxc7 23. Bd2 Qc6 24. g3 Nc4 25. Bc1 Ne5 26. Qd1 Nf3+ 27. Kg2 Nxd4 28. Qxd4 Qxc1 29. Qxa7 Qxb2 30. Qxb7 Be5 31. Qc8+ Kg7 32. Qc2 Qa3 33. h4 h5 34. Qe2 Bd4 35. Qd2 Qc5 36. Bd1 Bc3 37.
Qd3 e5 38. a4 e4 39. Qb5 Qxb5 40. axb5 Ba5 41. Bb3 d4 42. Bd5 f5 43. f3 e3 44. Bc4 Kf6 45. f4 Kg7 46. Kf3 Kf6 47.
Ke2 Bb6 48. Kf3 Bc5 49. Ke2 Bb6 50. Kf3 Bc5 51. Ke2 Bb6 1/2-1/2

[Event "Early-Titled-Tuesday-Blitz-October-10-2023"]
[Site "Chess.com"]
[Date "2023.10.10"]
[Round "3"]
[White "Djager97"]
[Black "BJthechessgod"]
[Result "0-1"]
[WhiteElo "2570"]
[BlackElo "2391"]
[TimeControl "180+1"]
[EndTime "8:28:36 PDT"]
[Termination "BJthechessgod won by resignation"]

1. e4 c5 2. Nc3 Nc6 3. Nge2 e6 4. g3 Nf6 5. Bg2 Qc7 6. O-O Be7 7. d3 a6 8. a4 O-O 9. h3 Rb8 10. f4 d6 11. g4 b5 12. axb5 axb5 13. g5 Nd7 14. Ng3 Nd4 15. f5 d5 16. Bf4 Bd6 17. Nce2 Nxe2+ 18. Nxe2 dxe4 19. dxe4 Bxf4 20. Nxf4 exf5 21. exf5 Qe5 22.
Nd5 Qxb2 23. f6 Qd4+ 24. Qxd4 cxd4 25. Ne7+ Kh8 26. Nc6 Rb6 27. fxg7+ Kxg7 28. Nxd4 Bb7 29. Ra7 Bxg2 30. Kxg2 Ne5 31. Nf5+ Kg6 32. h4 Rd8 33. Ne7+ Kh5 34. Rf4 Rd2+ 35. Kg3 Rxc2 36. Nd5 Rd6 37. Nf6+ Kg6 38. h5+ Kxg5 39. Ne4+ Kxh5 40. Nxd6 Rc3+ 41. Kg2 b4 42. Rf5+ Kg4 43. Rxe5 Rc2+ 44. Kf1 b3 45. Rb7 b2 46. Re1 Kf3 47. Rb1 Rc1+ 0-1

[Event "Early-Titled-Tuesday-Blitz-October-10-2023"]
[Site "Chess.com"]
[Date "2023.10.10"]
[Round "3"]
[White "JimDiGrease"]
[Black "Rutricks"]
[Result "1-0"]
[WhiteElo "2932"]
[BlackElo "2682"]
[TimeControl "180+1"]
[EndTime "8:28:37 PDT"]
[Termination "JimDiGrease won by resignation"]

1. d4 g6 2. c4 Bg7 3. e4 d6 4.
Nc3 Nd7 5. Nf3 e5 6. Be2 Ngf6 7.
O-O O-O 8. Qc2 exd4 9. Nxd4 Re8 10. Rd1 Nc5 11. f3 Nh5 12. Be3 Bd7 13. Qd2 Ne6 14. Bf1 Nxd4 15. Bxd4 Bxd4+ 16. Qxd4 Nf4 17. Nd5 Nxd5 18. cxd5 f5 19. Bd3 fxe4 20. Bxe4 Qg5 21. Rac1 Bh3 22. Qd2 Qxd2 23. Rxd2 Bf5 24. Bxf5 gxf5 25.
Rxc7 Re1+ 26. Kf2 Ra1 27. a3 Rh1 28. Kg3 Kh8 29. Kh3 Re1 30. Rf7 Re5 31. Rxb7 Rg8 32. Rxa7 f4 33. g3 Re3 34. Kg2 h5 35. Kf2 h4 36. g4 Rb8 37. Rf7 Rbe8 38. Rxf4 Re1 39. Kg2 Kg7 40. Kh3 Rh8 41. b4 Ra1 42. b5 Rxa3 43. Rb2 Rb8 44. b6 Ra6 45. Kxh4 Ra5 46. Rf5 Ra6 47. Kg5 Rbxb6 48. Rxb6 Rxb6 49. h4 Rb3 50. h5 Rxf3 51. Rxf3 1-0

[Event "Early-Titled-Tuesday-Blitz-October-10-2023"]
[Site "Chess.com"]
[Date "2023.10.10"]
[Round "3"]
[White "MatthewG-p4p"]
[Black "draksbg"]
[Result "1-0"]
[WhiteElo "2836"]
[BlackElo "2599"]
[TimeControl "180+1"]
[EndTime "8:28:37 PDT"]
[Termination "MatthewG-p4p won by resignation"]

1. e4 c5 2. c3 d5 3. exd5 Qxd5 4.
d4 g6 5. Nf3 Bg7 6. Nbd2 cxd4 7. Bc4 Qd8 8. Nxd4 Nf6 9. O-O O-O 10. Re1 Nbd7 11. N2f3 Nb6 12. Bb3 Bd7 13. Ne5 Be8 14.
Qf3 Qc8 15. Bg5 Nbd7 16. Nxd7 Qxd7 17. Ne6 Qb5 18. Nxf8 Qxg5 19. Qxb7 Rd8 20. Qxe7 Rb8 21. Qc7 Ra8 22. Qb7 Rd8 23. Ne6 fxe6 24. Bxe6+ Kh8 25.
Rad1 Rxd1 26. Rxd1 Qe5 27. Bf7 Qe2 28. Rf1 h5 29. Bxe8 Qxe8 30. Qxa7 Qe2 31. Qb8+ Kh7 32. h3 Ne4 33. a4 Nd2 34. Ra1 Ne4 35. Qb6 Bf8 36.
Qc7+ Kh6 37. Qf4+ Kh7 38. Qxf8 Qxb2 39. Qe7+ Kh6 40. Rf1 Nxc3 41. Qe3+ Kh7 42. a5 Nd5 43. Qf3 Nb4 44. Qb7+ Kh6 45. a6 Qd4 46. a7 1-0

[Event "Early-Titled-Tuesday-Blitz-October-10-2023"]
[Site "Chess.com"]
[Date "2023.10.10"]
[Round "3"]
[White "Doomfist26"]
[Black "BlueWizzard"]
[Result "0-1"]
[WhiteElo "2608"]
[BlackElo "2920"]
[TimeControl "180+1"]
[EndTime "8:28:37 PDT"]
[Termination "BlueWizzard won by resignation"]

1. e4 g6 2. d4 d5 3. e5 c5 4.
c3 Nc6 5. Nf3 cxd4 6. cxd4 Bg4 7. Be2 Nh6 8. O-O e6 9. Nc3 Nf5 10. Ne1 h5 11. Nc2 Bxe2 12. Nxe2 Rc8 13. a3 a5 14. Bd2 h4 15. h3 Qb6 16. b4 a4 17. Bg5 Na7 18. Bf6 Bg7 19. Ne3 Bxf6 20.
exf6 Nb5 21. Qxa4 O-O 22. Nxf5 exf5 23. Qd1 Qxf6 24. a4 Nc7 25. Rc1 Ne6 26. Qd3 Qe7 27.
Qb3 Kh7 28. b5 Qg5 29. Rxc8 Rxc8 30. Qxd5 Rc2 31. Qf3 Qd2 32. d5 Qxe2 33. Qxe2 Rxe2 34. dxe6 Rxe6 35. Rc1 Kg7 36. Rc7 b6 37. Rc6 Re4 38. Rxb6 Rxa4 39. Rb7 Ra2 40. b6 Rb2 41. Kf1 g5 42.
Rb8 g4 43. b7 g3 44. fxg3 hxg3 45. Ke1 f4 46. Kf1 Kf6 47. h4 Kg7 48. h5 Kh7 49. Ke1 f3 50. Rf8 fxg2 51. Rxf7+ Kh6 0-1

[Event "Early-Titled-Tuesday-Blitz-October-10-2023"]
[Site "Chess.com"]
[Date "2023.10.10"]
[Round "3"]
[White "CSB7"]
[Black "DawidCzerw"]
[Result "1-0"]
[WhiteElo "2752"]
[BlackElo "2537"]
[TimeControl "180+1"]
[EndTime "8:28:37 PDT"]
[Termination "CSB7 won by resignation"]

1. e4 c5 2. Nc3 g6 3. d4 cxd4 4. Qxd4 Nf6 5. Bb5 a6 6. e5 axb5 7. exf6 e6 8. Nxb5 Nc6 9. Nd6+ Bxd6 10. Qxd6 Qxf6 11. Nf3 Qe7 12. Bf4 Qxd6 13. Bxd6 f6 14. a3 Ne7 15. O-O-O b6 16. Nd4 Bb7 17. f3 Bc6 18.
Rhe1 Kf7 19. Bxe7 Kxe7 20. Rxe6+ dxe6 21. Nxc6+ Ke8 22. Rd6 Rc8 23. b4 Kf8 24. Rxe6 Kg7 25.
Re7+ Kh6 26. b5 Rhe8 27. Rxe8 Rxe8 28. a4 Rf8 29. c4 Kg5 30. c5 bxc5 31. a5 Kf5 32. a6 Ke6 33. Kc2 Kd7 34. Kc3 Kc7 35. Kc4 Kb6 36. Ne7 Re8 37. Nd5+ Ka5 38. Kxc5 Rc8+ 39.
Kd6 Kxb5 40. a7 Ka6 41. a8=Q+ Rxa8 42. Nc7+ Kb7 43. Nxa8 Kxa8 44. Ke6 Kb7 45. Kxf6 Kc6 46. Kg7 Kd6 47. Kxh7 Ke5 48. Kxg6 1-0

[Event "Early-Titled-Tuesday-Blitz-October-10-2023"]
[Site "Chess.com"]
[Date "2023.10.10"]
[Round "3"]
[White "Wizard_97"]
[Black "Sunnika"]
[Result "1-0"]
[WhiteElo "2556"]
[BlackElo "2276"]
[TimeControl "180+1"]
[EndTime "8:28:37 PDT"]
[Termination "Wizard_97 won on time"]

1. e4 e5 2. Nf3 Nc6 3. Bc4 Bc5 4. c3 Nf6 5. d3 O-O 6. Nbd2 a5 7. Bb3 Ba7 8. h3 d6 9. Nf1 Be6 10. Ng3 d5 11.
Qe2 h6 12. O-O Re8 13. Nh4 Ne7 14. Kh1 Qd7 15. Kh2 c6 16. f4 dxe4 17. dxe4 exf4 18. Bxf4 Bxb3 19. axb3 Qe6 20. Bd2 Ng6 21. Nxg6 fxg6 22. Rae1 Rad8 23. c4 Bb6 24. Bc3 Bc7 25. Bxf6 gxf6 26.
Qe3 Kg7 27. Rf3 h5 28. Kh1 Be5 29. Qf2 Rd7 30. Ne2 Red8 31. Qb6 Rd1 32. Rff1 Rxe1 33. Rxe1 Rd2 34. Qxb7+ Kh6 35. Qa8 Rxb2 36. Qh8+ Kg5 37. Ng1 Bg3 38. Nf3+ Kf4 39. Qh6+ g5 40. Qxh5 Qd7 41.
Qg6 Qe6 42. e5 Qf5 43. Qe8 Bxe1 44. Qxc6 1-0

[Event "Early-Titled-Tuesday-Blitz-October-10-2023"]
[Site "Chess.com"]
[Date "2023.10.10"]
[Round "3"]
[White "Eloist"]
[Black "Alina_Gumerovna"]
[Result "1-0"]
[WhiteElo "2440"]
[BlackElo "2088"]
[TimeControl "180+1"]
[EndTime "8:28:38 PDT"]
[Termination "Eloist won on time"]

1. e4 e6 2. d4 d5 3. Nd2 c5 4. exd5 Qxd5 5. Ngf3 cxd4 6. Bc4 Qd6 7. O-O Nf6 8. Nb3 Nc6 9. Nbxd4 Nxd4 10. Qxd4 Qxd4 11. Nxd4 a6 12. Be2 Bc5 13. Nb3 Bb6 14.
Bf3 O-O 15. a4 Bc7 16. Rd1 Rb8 17. Be3 b6 18. Nd4 Bb7 19. Nc6 Bxc6 20. Bxc6 Rfd8 21. h3 Kf8 22. a5 bxa5 23. Bc5+ Kg8 24. b3 Nd5 25.
Bxd5 exd5 26. Ra4 Rb5 27. Be3 Rb4 28. Ra3 d4 29. Bd2 Rb5 30. Ra4 Bb6 31. Rc4 h6 32. Kf1 d3 33. Be3 dxc2 34. Rxd8+ Bxd8 35.
Rc8 Rd5 36. Rxc2 Be7 37. Rc8+ Kh7 38. Rc7 Bb4 39. Rxf7 Rd3 40. Ra7 Rxb3 41. Bd4 Rb1+ 42. Ke2 Re1+ 43. Kf3 Re7 44. Rxa6 Rd7 45. Ke4 g5 46. g3 Re7+ 47. Kd3 Rd7 48. Ke4 1-0

[Event "Early-Titled-Tuesday-Blitz-October-10-2023"]
[Site "Chess.com"]
[Date "2023.10.10"]
[Round "3"]
[White "lamomiajunior"]
[Black "Triumphmate"]
[Result "0-1"]
[WhiteElo "2714"]
[BlackElo "2507"]
[TimeControl "180+1"]
[EndTime "8:28:39 PDT"]
[Termination "Triumphmate won by resignation"]

1. d4 d5 2. c4 e6 3. Nc3 f5 4. Nf3 c6 5. Bf4 Bd6 6. e3 Nf6 7. Bd3 O-O 8. O-O Ne4 9. Ne2 Qc7 10. Qc2 Nd7 11. c5 Bxf4 12. exf4 a5 13. Ne5 Nxe5 14. dxe5 b6 15. cxb6 Qxb6 16. Rac1 Bd7 17. Nc3 Rfb8 18.
b3 c5 19. Ne2 a4 20. Rb1 axb3 21. axb3 Bb5 22. Bxb5 Qxb5 23. f3 d4 24. Rfd1 Nc3 25.
Nxc3 dxc3 26. Qxc3 Qb4 27. Qe3 Ra3 28. Rbc1 Rxb3 29.
Qxc5 Qxf4 30. Qd6 R3b6 31. Rc6 Qe3+ 32. Kh1 Qb3 33. Rxb6 Qxb6 34. Qe7 h6 35. h3 Rb7 36. Qe8+ Kh7 37. Rd6 Qe3 38. Qxe6 Rb1+ 39. Kh2 Qf4+ 40. g3 Rb2+ 41. Kg1 Qc1+ 0-1

[Event "Early-Titled-Tuesday-Blitz-October-10-2023"]
[Site "Chess.com"]
[Date "2023.10.10"]
[Round "3"]
[White "cukin84"]
[Black "Treasurechess777"]
[Result "1-0"]
[WhiteElo "2207"]
[BlackElo "2388"]
[TimeControl "180+1"]
[EndTime "8:28:39 PDT"]
[Termination "cukin84 won on time"]

1. e4 Nf6 2. e5 Nd5 3. d4 Nb6 4. c4 d6 5. exd6 cxd6 6. Nc3 g6 7. Nf3 Bg7 8. Be2 O-O 9. O-O Bg4 10. Be3 Nc6 11. b3 d5 12. c5 Nd7 13. b4 Bxf3 14.
Bxf3 e6 15. b5 Na5 16. Bf4 Nxc5 17. Rc1 Nd7 18. Nxd5 exd5 19. Bc7 Qf6 20. Bxa5 Qxd4 21. Bxd5 Rab8 22. Bc7 Rbe8 23. Qxd4 Bxd4 24. Rfd1 Be5 25. Bxb7 Nb6 26. g3 Re7 27. Bxe5 Rxe5 28. Bc6 Kg7 29. Kg2 f5 30. h4 f4 31. Rd2 h6 32. Rcc2 g5 33.
hxg5 hxg5 34. Rd4 Kg6 35. a4 Nc8 36. Be4+ Kg7 37. Rc7+ Re7 38. Rdd7 Rxd7 39. Rxd7+ Rf7 40. Rxf7+ Kxf7 41. gxf4 gxf4 42. Kf3 Kf6 43. Kxf4 Nb6 44. a5 Nc4 45. a6 Nd6 46. Bc6 Nc8 47. Ke4 Ke6 48.
Kd4 Kd6 49. f4 Ne7 50. Be8 Kc7 51. Kc5 Nc8 52. f5 Nb6 53. f6 Kd8 54. f7 Ke7 55. Kc6 Kf8 56. Kb7 Nc4 57. Kxa7 Nd6 58. b6 Ke7 59. b7 Ke6 60. b8=Q Nxf7 61. Bxf7+ Kxf7 62. Qe5 Kg6 63. Qf4 1-0

[Event "Early-Titled-Tuesday-Blitz-October-10-2023"]
[Site "Chess.com"]
[Date "2023.10.10"]
[Round "3"]
[White "mishanick"]
[Black "GothamChess"]
[Result "1-0"]
[WhiteElo "3077"]
[BlackElo "2724"]
[TimeControl "180+1"]
[EndTime "8:28:41 PDT"]
[Termination "mishanick won by checkmate"]

1. d4 f5 2. Nc3 Nf6 3. Bg5 e6 4. e3 d5 5. Bd3 c6 6. f4 Qb6 7.
Rb1 Be7 8. Nf3 O-O 9. O-O Bd7 10. Ne5 Be8 11. Na4 Qd8 12. Nc5 Qc8 13. c3 b6 14.
Nb3 Qd8 15. c4 Ne4 16. Bxe7 Qxe7 17. cxd5 exd5 18. Rc1 a5 19. Nd2 Qb4 20. Rc2 a4 21.
a3 Qd6 22. Qe2 c5 23. Rfc1 c4 24. Bxe4 fxe4 25. Nb1 Nd7 26. Nc3 Nxe5 27. dxe5 Qc5 28. Rd2 Bc6 29. g3 Rfd8 30. Rd4 Rd7 31. Qd2 Rad8 32.
Rd1 h6 33. Na2 Bb7 34. Nb4 Kh7 35. Qc2 b5 36. Qg2 Kh8 37. Na2 Kh7 38. Qh3 Bc8 39. Qf5+ Kh8 40. R1d2 Rb7 41. Qh5 b4 42. axb4 Qe7 43. Qd1 Be6 44. Kg2 Rdb8 45. Qh5 a3 46.
bxa3 Ra8 47. Nc3 Rxa3 48. Nxd5 Bxd5 49. Rxd5 Rd3 50. Qf5 Rxb4 51. R2xd3 exd3 52. Rd7 Qe8 53. e6 Rb8 54. Qe5 Rd8 55. Qxg7# 1-0

[Event "Early-Titled-Tuesday-Blitz-October-10-2023"]
[Site "Chess.com"]
[Date "2023.10.10"]
[Round "3"]
[White "szachmistrz2500"]
[Black "Sadykov_Ramil"]
[Result "0-1"]
[WhiteElo "2445"]
[BlackElo "2625"]
[TimeControl "180+1"]
[EndTime "8:28:42 PDT"]
[Termination "Sadykov_Ramil won on time"]

1. Nf3 Nf6 2. g3 b5 3. Bg2 Bb7 4. d3 d5 5. O-O e6 6. Nbd2 Be7 7. Qe1 c5 8. e4 Nc6 9. Qe2 O-O 10. Re1 a5 11. e5 Nd7 12. Nf1 a4 13. h4 a3 14.
b3 h6 15. Bf4 Nb6 16. h5 c4 17. d4 cxb3 18. cxb3 Nb4 19. Rec1 Qd7 20. Qd2 Rfc8 21. N1h2 Rxc1+ 22. Rxc1 Rc8 23. Rxc8+ Qxc8 24. Ne1 Kf8 25. Bf1 Ba6 26. Ng4 Ke8 27. Nd3 Nxd3 28. Bxd3 b4 29. Qe2 Bxd3 30. Qxd3 Kd7 31. Bd2 Qc6 32.
Qa6 Nc4 33. Qa7+ Qc7 34. Qxc7+ Kxc7 35. Bc1 Na5 36. Kf1 Nc6 37. Be3 Na7 38. Ke2 Nb5 39.
Kd3 Nc3 40. Bd2 Nxa2 41. Ne3 Kc6 42. f4 f6 43. Kc2 fxe5 44. dxe5 d4 45. Nc4 Kd5 46.
Nb6+ Ke4 47. Nc8 Bc5 0-1

[Event "Early-Titled-Tuesday-Blitz-October-10-2023"]
[Site "Chess.com"]
[Date "2023.10.10"]
[Round "3"]
[White "Taran2004"]
[Black "cycygogne"]
[Result "0-1"]
[WhiteElo "2403"]
[BlackElo "2252"]
[TimeControl "180+1"]
[EndTime "8:28:42 PDT"]
[Termination "cycygogne won by checkmate"]

1. e4 d5 2. exd5 Qxd5 3. Nc3 Qd6 4. Nf3 Nf6 5. Bc4 Bg4 6. h3 Bh5 7. d4 e6 8. Be3 a6 9. Qd2 Nc6 10. g4 Bg6 11. O-O-O O-O-O 12. Rhe1 Nd5 13. Bxd5 exd5 14. a3 Be7 15. Bf4 Qd7 16. Ne5 Nxe5 17. dxe5 d4 18.
Ne2 Qa4 19. Bg3 Bxa3 20. bxa3 Qxa3+ 21. Kb1 Rd5 22. Nxd4 Ra5 23. Qxa5 Qxa5 24. f4 c5 25. Nb3 Qc3 26. f5 Qxg3 27. fxg6 hxg6 28. Nxc5 Qa3 29. Nb3 a5 30. Rd3 Qb4 31. Red1 a4 32. Rd4 Qa3 33. Na5 Kb8 34. R1d3 Qc5 35. Nc4 Rc8 36. Ne3 Qb5+ 37. Ka2 Qb6 38. c4 Qb4 39. Nd5 Qc5 40. Nc3 Qb4 41. Nd5 Qa5 42. Nc3 Ka7 43. Nb5+ Kb8 44. Rd8 Rxd8 45. Rxd8+ Qxd8 46. Nd6 Kc7 47. Nxf7 Qd2+ 48. Ka3 Qc3+ 49. Kxa4 Qxc4+ 50. Ka5 Qxf7 51. e6 Qxe6 52. g5 Qb6+ 53. Ka4 Qa6+ 54. Kb4 b5 55. h4 Qa4+ 56. Kc3 Kb6 57. Kb2 Kc5 58. h5 gxh5 59. g6 Kb4 60. Kb1 Qb3+ 61. Ka1 Qa3+ 62. Kb1 Kc4 63. Kc2 Qa2+ 64. Kc1 Kc3 65. Kd1 Qd2# 0-1

[Event "Early-Titled-Tuesday-Blitz-October-10-2023"]
[Site "Chess.com"]
[Date "2023.10.10"]
[Round "3"]
[White "Zhigalko_Sergei"]
[Black "FontVella8"]
[Result "1-0"]
[WhiteElo "2947"]
[BlackElo "2612"]
[TimeControl "180+1"]
[EndTime "8:28:43 PDT"]
[Termination "Zhigalko_Sergei won by resignation"]

1. e4 c6 2. d4 d5 3. e5 Bf5 4. Nf3 e6 5. Be2 Nd7 6. O-O h6 7. Nbd2 a6 8. a4 Rc8 9. a5 c5 10. c4 Ne7 11. Re1 g5 12. dxc5 Nxc5 13. b4 Nd3 14. Bxd3 Bxd3 15. c5 Nc6 16. Qb3 Bb5 17. Bb2 g4 18. Nd4 Nxd4 19. Bxd4 h5 20. Ra3 Qg5 21. Qc2 Bh6 22. Nf1 h4 23. Qd1 Rg8 24.
Be3 Qg6 25. Bxh6 Qxh6 26. Ne3 Qf4 27. Nc2 Ke7 28. Qd4 Qg5 29. Qe3 Qxe3 30. Raxe3 Rg5 31.
Nd4 Bc4 32. Rd1 Kd7 33. Rd2 Rcg8 34. f4 R5g7 35. g3 hxg3 36. hxg3 Rh7 37. Rh2 Rxh2 38.
Kxh2 Rh8+ 39. Kg2 Ba2 40. Re1 Bc4 41. Rh1 Rxh1 42. Kxh1 Bd3 43. Kg1 Ke7 44. Kf2 f6 45. Ke3 Be4 46. c6 bxc6 47. Nxc6+ Kf7 48. Nb8 fxe5 49.
fxe5 Ke7 50. Nxa6 Kd7 51. Nc5+ Kc6 52. Nxe4 1-0

[Event "Early-Titled-Tuesday-Blitz-October-10-2023"]
[Site "Chess.com"]
[Date "2023.10.10"]
[Round "3"]
[White "bipe137"]
[Black "Fandorine"]
[Result "1/2-1/2"]
[WhiteElo "2525"]
[BlackElo "2908"]
[TimeControl "180+1"]
[EndTime "8:28:44 PDT"]
[Termination "Game drawn by repetition"]

1. d4 Nf6 2. c4 d6 3. Nc3 g6 4. e4 Bg7 5. Nf3 O-O 6. Be2 e5 7. O-O Bg4 8. d5 a5 9. Ne1 h5 10. Nd3 Na6 11. Be3 b6 12. a3 Nc5 13. f3 Bd7 14. b3 Nh7 15. Qc2 Bf6 16. Kh1 Bg5 17. Bg1 f5 18. b4 axb4 19. axb4 Rxa1 20.
Rxa1 Nxd3 21. Bxd3 h4 22. Rf1 Qe7 23. c5 bxc5 24.
bxc5 h3 25. g3 Kh8 26. Nb5 fxe4 27. fxe4 Rxf1 28. Bxf1 Bxb5 29. Bxb5 Qf7 30. Qf2 Qxf2 31. Bxf2 Nf6 32. Bd3 Kg7 33. c6 Ng4 34. Bg1 Kf7 35. Bf1 Nf6 36. Bxh3 Nxe4 37. Be6+ Kg7 38. Kg2 Bd8 39. Be3 Nc3 40. Kf3 Nb5 41. h4 Nd4+ 42.
Ke4 Ne2 43. Kf3 Nd4+ 44. Bxd4 exd4 45. Ke4 Bf6 46. Bd7 Be5 47. g4 Bg3 48. h5 gxh5 49. gxh5 Kh6 50. Kxd4 Be1 51. Kc4 Ba5 52. Kd4 Bb6+ 53.
Ke4 Kxh5 54. Be6 Kg5 55. Bf7 Kf6 56. Be6 Ke7 57. Kf5 Bc5 58. Kg6 Bb6 59. Kf5 Bc5 60. Kg6 Bb6 61. Kf5 1/2-1/2

[Event "Early-Titled-Tuesday-Blitz-October-10-2023"]
[Site "Chess.com"]
[Date "2023.10.10"]
[Round "3"]
[White "YouShallNotPass001"]
[Black "Ishowmoves57"]
[Result "1/2-1/2"]
[WhiteElo "2391"]
[BlackElo "2180"]
[TimeControl "180+1"]
[EndTime "8:28:44 PDT"]
[Termination "Game drawn by repetition"]

1. Nf3 d5 2. e3 Nf6 3. Be2 e6 4. O-O Be7 5. d4 O-O 6. c4 c6 7. Nc3 Ne4 8. cxd5 cxd5 9. Nxe4 dxe4 10. Nd2 f5 11. a3 b6 12. b4 Bb7 13. Nc4 Bd5 14.
Bb2 Nd7 15. Rc1 b5 16. Na5 Qb6 17. Nb3 Bxb3 18. Qxb3 Nf6 19. Rc2 Rac8 20. Rfc1 Rxc2 21. Rxc2 Nd5 22. f3 Bg5 23. Bc1 a6 24. Rc5 Qb7 25.
f4 Be7 26. Rc2 Rc8 27. Bd2 Rxc2 28. Qxc2 Qc7 29. Qxc7 Nxc7 30. Bd1 Nd5 31. Bb3 Kf7 32. h3 Bh4 33. g4 g6 34. Kg2 Be7 35. Kf2 Ke8 36. Ke2 Kd7 37. Kd1 Kc6 38. Kc2 Kb6 39.
gxf5 gxf5 40. Kd1 Kc6 41. Ke2 Kd7 42. Kd1 Ke8 43. Ke2 Kf7 44. Kf2 Kg6 45. Kg3 Kh5 46. Bd1+ Kg6 47. Be2 Bf6 48. Kg2 Be7 49. Bd1 Bf8 50.
Bb3 Be7 51. Bd1 Bf8 52. Be2 Be7 53. Bf1 Bf8 54. Kg3 Be7 55. Be2 Bf8 56. h4 h5 57.
Bd1 Be7 58. Be2 Bf8 59. Kf2 Be7 60. Kg3 Bf8 1/2-1/2

[Event "Early-Titled-Tuesday-Blitz-October-10-2023"]
[Site "Chess.com"]
[Date "2023.10.10"]
[Round "3"]
[White "guillembaches"]
[Black "invisible_s0ul"]
[Result "1/2-1/2"]
[WhiteElo "2509"]
[BlackElo "2297"]
[TimeControl "180+1"]
[EndTime "8:28:45 PDT"]
[Termination "Game drawn by repetition"]

1. d4 Nf6 2. Nf3 e6 3. Bg5 Be7 4. Nbd2 d5 5. e3 c6 6. Bd3 Nbd7 7. Qe2 h6 8. Bf4 Nh5 9. Be5 Nxe5 10. dxe5 g6 11. g4 Ng7 12. h4 Qb6 13. O-O-O Bd7 14. h5 g5 15. e4 c5 16. exd5 exd5 17. c4 d4 18. Ne4 Bxg4 19. Rdg1 Be6 20. Nf6+ Kd8 21.
Nd2 Bxf6 22. exf6 Ne8 23. Ne4 Nd6 24. f4 gxf4 25. Qf3 Kc7 26. Qxf4 Rad8 27. Rg7 Kc8 28. Re1 Nf5 29. Rgg1 Ne3 30. Nd2 Qa6 31. Kb1 Rd6 32. b3 Rhd8 33. Ne4 Rc6 34. Qxh6 Qa3 35. Qf4 Ra6 36. Re2 Rb6 37. Rb2 a5 38. Qe5 a4 39.
Qxc5+ Qxc5 40. Nxc5 axb3 41. Nxe6 Rxe6 42. axb3 Rh8 43. Rh1 Rxf6 44. Rbh2 Rfh6 45. Be4 Kb8 46. Bf3 f5 47. Rd2 Rd6 48. Rh4 d3 49. Rh3 Nf1 50.
Rd1 Ne3 51. Rd2 Nf1 52. Rd1 Ne3 53. Rd2 1/2-1/2

[Event "Early-Titled-Tuesday-Blitz-October-10-2023"]
[Site "Chess.com"]
[Date "2023.10.10"]
[Round "3"]
[White "Man-Chuk"]
[Black "chenrip"]
[Result "1-0"]
[WhiteElo "2744"]
[BlackElo "2492"]
[TimeControl "180+1"]
[EndTime "8:28:46 PDT"]
[Termination "Man-Chuk won by resignation"]

1. e4 e6 2. d4 d5 3. Nc3 Bb4 4. e5 c5 5. a3 Bxc3+ 6. bxc3 Ne7 7. h4 h6 8. Rh3 Nbc6 9. a4 Qa5 10. Bd2 c4 11. Qg4 Nf5 12. Qf4 Bd7 13. h5 Rf8 14. Ne2 O-O-O 15. Ng3 b5 16. Nxf5 exf5 17. Be2 Be6 18.
g4 Ne7 19. g5 hxg5 20. Qxg5 f6 21. Qxg7 Rf7 22. Qh6 Ng8 23. Qf4 fxe5 24. Qxe5 Re8 25. Bf4 Nf6 26. Qb8+ Kd7 27. Qxb5+ Qxb5 28. axb5 Kc8 29.
h6 Kb7 30. Ra6 Bd7 31. Rxf6 Rxf6 32. h7 Rfe6 33. Be5 Bxb5 34. h8=Q Rxh8 35. Rxh8 Rg6 36.
Bf3 Bc6 37. Rb8+ Ka6 38. Rd8 Rg1+ 39. Kd2 Rf1 40. Ke3 Re1+ 41. Kf4 Rc1 42. Rd6 Kb5 43. Bxd5 Bxd5 44. Rxd5+ Ka4 45. Rc5 a5 46. Bc7 Ka3 47. Rxc4 a4 48. Bd6+ Kb2 49. Rxa4 Kxc3 50. Kxf5 Rxc2 51.
f4 Kd3 52. d5 Ke3 53. Ke6 Rc8 54. f5 Re8+ 55. Be7 1-0

[Event "Early-Titled-Tuesday-Blitz-October-10-2023"]
[Site "Chess.com"]
[Date "2023.10.10"]
[Round "3"]
[White "GaiozNigalidze"]
[Black "MidnightFox"]
[Result "0-1"]
[WhiteElo "2701"]
[BlackElo "2501"]
[TimeControl "180+1"]
[EndTime "8:28:46 PDT"]
[Termination "MidnightFox won by checkmate"]

1. d4 Nf6 2. c4 e5 3. dxe5 Ne4 4. Nf3 Bb4+ 5. Nbd2 b6 6. e3 Bb7 7. Qb3 Nc6 8. Qd3 Nc5 9. Qf5 Qe7 10. Be2 O-O 11. O-O f6 12. exf6 Rxf6 13. Qg5 Qf7 14. Qg3 Ne6 15. Ne4 Rg6 16. Qh3 Rf8 17. a3 Be7 18. g3 Na5 19. Ne5 Qe8 20. Nxg6 Qxg6 21. f3 Nb3 22. Ra2 Nec5 23. Nc3 Qc2 24. Qg2 Nxc1 25.
Ra1 Nxe2+ 26. Qxe2 Qg6 27. Rad1 d6 28. b4 Ne6 29.
Nd5 Bf6 30. Kg2 h5 31. e4 Ng5 32. h4 Ne6 33. Kh2 Be5 34. Rg1 Bxd5 35. cxd5 Nd4 36. Rxd4 Bxd4 37. Rg2 Be5 38. f4 Bd4 39. Qc4 Bf6 40.
Re2 Qg4 41. Qd3 Bxh4 42. gxh4 Rxf4 43. Rg2 Qxh4+ 44. Qh3 Qf6 45. Qg3 Rh4+ 46. Kg1 Rg4 47. Qf2 Rf4 48. Qg3 Rf1+ 49. Kh2 Rf3 50. Qe1 Qf4+ 51.
Kh1 Rf1+ 52. Qxf1 Qxf1+ 53. Rg1 Qh3# 0-1

[Event "Early-Titled-Tuesday-Blitz-October-10-2023"]
[Site "Chess.com"]
[Date "2023.10.10"]
[Round "3"]
[White "LileKoridze"]
[Black "Bilan_Danila"]
[Result "0-1"]
[WhiteElo "2344"]
[BlackElo "2576"]
[TimeControl "180+1"]
[EndTime "8:28:47 PDT"]
[Termination "Bilan_Danila won on time"]

1. d4 d5 2. c4 c6 3. Nf3 Nf6 4. e3 e6 5. Bd3 Nbd7 6. O-O Bd6 7. Nbd2 e5 8. cxd5 cxd5 9. dxe5 Nxe5 10. Nxe5 Bxe5 11.
h3 O-O 12. Rb1 Be6 13. Nf3 Bd6 14. b3 Ne4 15. Bb2 Rc8 16. Rc1 Qe7 17. Nd4 Bd7 18.
Qe2 a6 19. Nf3 Rfe8 20. Ba1 Ng5 21. Rxc8 Rxc8 22. Nxg5 Qxg5 23. f4 Qe7 24. e4 dxe4 25. Bxe4 Re8 26. Qb2 f6 27. Bxb7 Bb5 28. Bd5+ Kh8 29.
Bc4 Bc5+ 30. Kh1 Bc6 31. Bxa6 Qe3 32. Qc3 Qxc3 33. Bxc3 Re3 34. Kh2 Rxc3 35. Rd1 g6 36.
Rd8+ Kg7 37. Rc8 Be3 38. b4 Bxf4+ 39. Kg1 Be3+ 40. Kf1 Rc2 41. Rc7+ Kh6 42. Re7 Bxg2+ 43.
Ke1 Bf2+ 44. Kd1 Rxa2 45. Be2 Bxh3 46. b5 f5 47. b6 Bxb6 48. Bc4 Bg4+ 49. Kc1 Ra7 50.
Re8 Rc7 0-1

[Event "Early-Titled-Tuesday-Blitz-October-10-2023"]
[Site "Chess.com"]
[Date "2023.10.10"]
[Round "3"]
[White "Boxerandchessplayer"]
[Black "Happy1712Drummer"]
[Result "0-1"]
[WhiteElo "2154"]
[BlackElo "2391"]
[TimeControl "180+1"]
[EndTime "8:28:50 PDT"]
[Termination "Happy1712Drummer won by resignation"]

1. d4 d5 2. Nf3 e6 3. c4 c5 4. cxd5 exd5 5. g3 Nc6 6. Bg2 Nf6 7. O-O Be7 8. dxc5 Bxc5 9. Nc3 O-O 10. Bg5 d4 11.
Bxf6 Qxf6 12. Ne4 Qe7 13. Nxc5 Qxc5 14. Rc1 Qb6 15. b3 Bg4 16. Qd2 Rfe8 17. Rfe1 Rad8 18. Qg5 Be6 19. Qf4 h6 20. h4 Bd5 21. Rcd1 Be4 22.
Rd2 Bh7 23. Red1 Re4 24. Nxd4 Rxf4 25. Nxc6 Rxd2 26. Rxd2 bxc6 27. gxf4 Bf5 28. e4 Bc8 29. e5 Be6 30. Be4 g6 31. h5 Kg7 32. hxg6 fxg6 33. Rd6 Kf7 34. Bxg6+ Kxg6 35. Rxe6+ Kf5 36. Rf6+ Ke4 37.
e6 Kf3 38. Rg6 Qxf2+ 39. Kh1 Qh4+ 40. Kg1 Qe1+ 41. Kh2 Qe2+ 42. Kh3 Qe1 43. Kh2 Qh4+ 44. Kg1 Qxf4 45. Rg2 Qe3+ 46. Kh2 Qxe6 47. Rg3+ Kf4 48.
Rh3 Qe2+ 49. Kh1 h5 50. Rc3 Qe1+ 0-1